 Dungeon Crawl Stone Soup version 0.30-a0-377-g5cb311bc9f (webtiles) character file.

Game seed: 14054896788791795453

177145 themarg the Bludgeoner (level 16, 0/149 HPs)
             Began as a White Draconian Conjurer on Nov 27, 2022.
             Was an Elder of Jiyva.
             Constricted to death by Jorgrun (12 damage)
             ... on level 1 of the Shoals on Nov 29, 2022.
             The game lasted 02:08:56 (25642 turns).

themarg the Bludgeoner (White Draconian Conjurer)  Turns: 25642, Time: 02:08:56

Health: 0/149      AC: 15    Str: 15    XL:     16   Next: 95%
Magic:  21/39      EV: 14    Int: 31    God:    Jiyva [****..]
Gold:   330        SH:  6    Dex: 12    Spells: 16/35 levels left

rFire   + + .      SeeInvis .    a - +9 morningstar (freeze)
rCold   + + .      Faith    .    L - +3 buckler {rF+}
rNeg    + + .      Spirit   .    (body armour unavailable)
rPois   +          Reflect  .    (helmet restricted)
rElec   +          Harm     .    H - +1 cloak "Xinitism" {Rampage rC+}
rCorr   +          Rampage  +    D - +1 pair of gloves "Ruegeem" {rN++ Int+4 Dex-3}
Will    +....      Clarity  +    M - +1 pair of boots of Sityfi {*Corrode Str+4 Int+2 Dex+2}
Stlth   +++.......               E - amulet "Otueni" {Acrobat rCorr}
HPRegen 1.72/turn                G - ring of Divine Compulsion {rPois rF+}
MPRegen 0.66/turn                B - ring "Symyahip" {rElec EV+4 Int+3}

@: grasped by roots, constricted
A: breathe frost, AC +9, unfitting armour, cold resistance 1, cold-blooded,
antennae 1, hooves 1, clarity, high MP 3, acidic bite, translucent skin 3, jelly
sensing items, jelly absorbing missiles, MP-powered wands, noise suppression
}: 2/15 runes: serpentine, slimy
a: Breathe Frost, Renounce Religion, Oozemancy, Slimify


You were on level 1 of the Shoals.
You worshipped Jiyva.
Jiyva was greatly pleased with you.
You visited 6 branches of the dungeon, and saw 32 of its levels.
You also visited: Trove, Gauntlet and Ice Cave.

You collected 2832 gold pieces.
You spent 2502 gold pieces at shops.

Inventory:

Hand Weapons
 a - a +9 morningstar of freezing (weapon)
Missiles
 j - 29 boomerangs
 t - 2 curare-tipped darts
 V - 9 javelins
Armour
 m - the +0 pair of boots of the Vaults {rCorr Str+9 Slay-4 SInv}
   (You found it in a treasure trove)

   Str:       It affects your strength (+9).
   Slay:      It affects your accuracy & damage with ranged weapons and melee
   (-4).
   SInv:      It lets you see invisible.
   rCorr:     It protects you from acid and corrosion.
 D - the +1 pair of gloves "Ruegeem" (worn) {rN++ Int+4 Dex-3}
   (You found it in a treasure trove)

   Int:       It affects your intelligence (+4).
   Dex:       It affects your dexterity (-3).
   rN:        It greatly protects you from negative energy.
 H - the +1 cloak "Xinitism" (worn) {Rampage rC+}
   (You found it in a treasure trove)

   rC:        It protects you from cold.
   Rampage:   It bestows one free step when moving towards enemies.
 L - a +3 buckler of fire resistance (worn)
 M - the +1 pair of boots of Sityfi (worn) {*Corrode Str+4 Int+2 Dex+2}
   (You found it in a treasure trove)

   Str:       It affects your strength (+4).
   Int:       It affects your intelligence (+2).
   Dex:       It affects your dexterity (+2).
   *Corrode:  It may corrode you when you take damage.
Magical Staves
 b - a staff of conjuration
 x - a staff of fire
Jewellery
 c - a ring of flight
 i - a ring of see invisible
 n - a ring of magical power
 A - the amulet "Etugiser" {RegenMP Str+2}
   (You found it on level 11 of the Dungeon)

   [amulet of magic regeneration]

   It increases your rate of magic regeneration.
   Str:       It affects your strength (+2).
 B - the ring "Symyahip" (right hand) {rElec EV+4 Int+3}
   (You found it on level 5 of the Pits of Slime)

   [ring of evasion]

   EV:        It affects your evasion (+4).
   Int:       It affects your intelligence (+3).
   rElec:     It insulates you from electricity.
 E - the amulet "Otueni" (around neck) {Acrobat rCorr}
   (You found it on level 5 of the Dungeon)

   [amulet of the acrobat]

   It increases your evasion while moving and waiting.
   rCorr:     It protects you from acid and corrosion.
 G - the ring of Divine Compulsion (left hand) {rPois rF+}
   (You bought it in a shop on level 2 of the Orcish Mines)

   [ring of poison resistance]

   rF:        It protects you from fire.
   rPois:     It protects you from poison.
Wands
 e - a wand of flame (11)
 v - a wand of polymorph (11)
 F - a wand of quicksilver (1)
 J - a wand of paralysis (23)
 P - a wand of iceblast (18)
 T - a wand of digging (1)
Scrolls
 h - 4 scrolls of magic mapping
 k - a scroll of enchant armour
 w - 4 scrolls of blinking
 y - a scroll of teleportation
 z - 2 scrolls of silence
 I - a scroll of torment
 K - a scroll of immolation
 O - 4 scrolls of amnesia
 R - a scroll of vulnerability
 S - 3 scrolls of butterflies
 U - 4 scrolls of poison {unknown}
 W - 2 scrolls of brand weapon {unknown}
 Y - 2 scrolls of fear {unknown}
Potions
 f - 3 potions of attraction
 g - 3 potions of cancellation
 l - 2 potions of flight
 p - 5 potions of might
 q - 8 potions of curing
 r - 6 potions of mutation
 s - 3 potions of heal wounds
 u - 6 potions of invisibility
 C - 5 potions of lignification
 N - 7 potions of haste
 Q - 3 potions of magic
 Z - 2 potions of brilliance {unknown}
Miscellaneous
 d - a tin of tremorstones (2/2)
 o - a phantom mirror
 X - a box of beasts


   Skills:
 - Level 15.0 Fighting
 - Level 16.0 Maces & Flails
 - Level 5.0 Dodging
 - Level 3.0 Stealth
 - Level 10.0 Spellcasting
 - Level 13.0 Conjurations
 - Level 3.0 Hexes
 + Level 3.1 Translocations
 + Level 4.3 Transmutations
 - Level 5.6 Fire Magic
 - Level 3.0 Air Magic
 - Level 3.0 Poison Magic
 + Level 12.7 Evocations


You had 16 spell levels left.
You knew the following spells:

 Your Spells              Type           Power      Damage    Failure   Level
a - Magic Dart            Conj           100%       1d8       1%          1
b - Searing Ray           Conj           100%       2d8       1%          2
c - Fulminant Prism       Conj/Hex       30%        3d16      1%          4
d - Iskenderun's Mystic   Conj/Tloc      60%        2d13      1%          4
e - Mephitic Cloud        Conj/Pois/Air  53%        N/A       1%          3
f - Irradiate             Conj/Tmut      31%        3d22      3%          5

Your spell library contained the following spells:

 Spells                   Type           Power      Damage    Failure   Level
 Foxfire                  Conj/Fire      100%       2x1d9     1%          1
 Slow                     Hex            100%       N/A       1%          1
 Dazzling Flash           Conj/Hex       100%       N/A       1%          3
 Stone Arrow              Conj/Erth      100%       3d13      1%          3
 Flame Wave               Conj/Fire      65%        2d15      1%          4
 Sticky Flame             Conj/Fire      65%        2d8       1%          4
 Passwall                 Tmut/Erth      23%        N/A       2%          2
 Ignite Poison            Fire/Tmut/Pois 42%        N/A       2%          3
 Inner Flame              Hex/Fire       42%        N/A       2%          3
 Fireball                 Conj/Fire      32%        3d14      2%          5
 Confusing Touch          Hex            34%        N/A       3%          3
 Freeze                   Ice            60%        1d7       4%          1
 Necrotise                Necr           60%        1d7       4%          1
 Sandblast                Erth           30%        2d9       4%          1
 Call Imp                 Summ           15%        N/A       7%          2
 Manifold Assault         Tloc           34%        N/A       12%         4
 Vampiric Draining        Necr           15%        2d7       13%         3
 Starburst                Conj/Fire      32%        6d10      16%         6
 Blade Hands              Tmut           21%        N/A       22%         5
 Summon Ice Beast         Ice/Summ       15%        N/A       41%         4
 Summon Mana Viper        Hex/Summ       24%        N/A       54%         5
 Agony                    Necr           15%        N/A       77%         5
 Dispersal                Tloc           17%        N/A       88%         6
 Simulacrum               Ice/Necr       7%         N/A       100%        6
 Dragon Form              Tmut           21%        N/A       100%        7
 Monstrous Menagerie      Summ           7%         N/A       100%        7
 Borgnjor's Revivificati  Necr           7%         N/A       100%        8
 Disjunction              Tloc           17%        N/A       100%        8
 Ignition                 Fire           25%        3d8       100%        8


Dungeon Overview and Level Annotations

Branches:
Dungeon (15/15)            Temple (0/1) D:5            Lair (5/5) D:9
 Shoals (1/4) Lair:2        Snake (4/4) Lair:3        Slime (5/5) Lair:5
    Orc (2/2) D:9             Elf (0/3) Orc:2        Vaults (0/5) D:14
 Depths (0/4) D:15          IceCv (visited)         Gauntlet (visited)

Altars:
Dithmenos
Elyvilon
Gozag
Makhleb
Ru
Sif Muna
Trog
Uskayaw
Xom
Jiyva

Shops:
D:2 ?   D:7 *!   Orc:1 *   Orc:2 =*([   Snake:1 (!   Snake:3 =:::((

Portals:
Abyss: D:4

Annotations:
D:4 2 transporters, greenreed's ghost, amateur DESu
Lair:4 3 runed translucent doors, bigduke15's ghost, journeyman MiFi
Lair:5 exclusions: 3 doors and obsidian statue
Shoals:1 Jorgrun
Slime:5 Royal Jelly


Innate Abilities, Weirdness & Mutations

You can breathe waves of freezing cold which knock back foes.
Your icy white scales are hard. (AC +9)
You cannot fit into any form of body armour.
Your flesh is cold resistant. (rC+)
You are cold-blooded and may be slowed by cold attacks.
You have a pair of small antennae on your head.
You have large cloven feet.
You possess an exceptional clarity of mind.
You have a greatly increased reservoir of magic. (+30% MP)
You have acidic saliva.
Your transparent skin significantly reduces your foes' accuracy. (Stealth+)
You have a small jelly attached to you that senses nearby items.
You have a small jelly attached to you that may absorb projectiles.
You expend magic power (3 MP) to strengthen your wands.
You passively dampen the noise of your surroundings.


Message History

Jorgrun is almost dead.
The steam dragon closely misses you. x2
Jorgrun gestures at you while chanting.
Roots burst forth from the earth!
The grasping roots grab you! The grasping roots constrict you!
* * * LOW HITPOINT WARNING * * *
You escape the roots grasp.
The centaur warrior wields a +0 shortbow of flaming.
It bursts into flame!
The centaur warrior shoots an arrow.
The arrow misses you.
The arrow hits the rime drake!
The arrow burns the rime drake.
The rime drake dies!
You hear a distant slurping noise.
A rime drake comes into view.
Jorgrun attacks as you move away! Jorgrun completely misses you.
The steam dragon attacks as you move away!
The steam dragon completely misses you. The steam dragon barely misses you.
Jorgrun gestures at you while chanting.
Roots burst forth from the earth!
The grasping roots grab you! The grasping roots constrict you.
* * * LOW HITPOINT WARNING * * *
You barely miss the steam dragon.
The steam dragon is heavily wounded.
The steam dragon breathes steam at you. The ball of steam hits you. You resist.
* * * LOW HITPOINT WARNING * * *
Jorgrun gestures next to you while chanting.
Some rock shatters into small pieces.
The grasping roots constrict you!
* * * LOW HITPOINT WARNING * * *
You feel much better.
The centaur warrior shoots an arrow.
The arrow hits you!
* * * LOW HITPOINT WARNING * * *
Your attached jelly eats the arrow!
You feel better.
The centaur warrior shoots an arrow.
The arrow hits you!
* * * LOW HITPOINT WARNING * * *
The steam dragon completely misses you. x2
Jorgrun says, "May tha earth consume ye!"
The grasping roots constrict you!
You die...

..#...~~.~~~~~~
....~~~~~~~c.~~~~~
...~~~~~~~...~..~C
~~~~~~~~.....~~~~~~
~~~~~~~~..# .~~~~~~
~~~~~~..c.##.~~~~~.
≈~~~≈~...##..~~~~~~
~~~~~≈≈..g...~~~~~~
~~~~~~~..D@§§~~~~~≈
~~~~~~~≈†J~...~~~~≈
...~~~~†~~~....~~~≈
....~~~~~~~....~~~~
##..~~≈~~~.....~~~~
#..≈~~~~~<....~~~~
...~k~~~........~.
.~≈~~~~..........
~≈~~~...........


You could see Jorgrun, a centaur warrior, a cyclops (asleep), a rime drake
(wandering), a steam dragon and a neutral jelly (wandering) (fellow slime).

Vanquished Creatures
  Rupert (Lair:5)
  Agnes (Snake:3)
  The ghost of Ixtim the Warrior, a journeyman MiFi of the Shining One (Snake:2)
  3 nagarajas (Snake:4)
  A reaper (IceCv)
  2 orc warlords (Orc:2)
  Nessos (Lair:5)
  Azrael (D:13)
  A minotaur (Gauntlet)
  A dire elephant (Lair:4)
  Snorg (Lair:5)
  An ettin (Orc:1)
  3 hydras
  4 salamander tyrants (Snake:4)
  4 two-headed ogres
  A centaur warrior (D:14)
  7 anacondas
  3 dancing weapons
  10 naga warriors
  An orc high priest (Orc:2)
  3 boulder beetles
  A death yak (Lair:5)
  2 tengu warriors (D:14)
  16 naga sharpshooters
  Nergalle (Orc:1)
  11 shock serpents
  6 salamander mystics
  7 naga ritualists
  10 skeletal warriors
  4 sea snakes (Snake:2)
  A golden dragon skeleton (D:15)
  A shadow dragon zombie (D:15)
  A wizard (D:15)
  4 necromancers
  A phantasmal warrior (D:15)
  A deep elf pyromancer (D:9)
  6 ugly things (D:15)
  5 cyclopes
  2 mana vipers
  2 manticores
  A fire giant zombie (D:15)
  15 elephants
  12 salamanders
  An iron dragon skeleton (D:15)
  27 naga magi
  30 black mambas
  2 ice statues (IceCv)
  A torpor snail (Lair:1)
  3 gargoyles
  Psyche (D:10)
  8 cane toads
  Maggie (Lair:2)
  9 komodo dragons
  A dire elephant skeleton (Lair:5)
  4 kobold demonologists
  An unseen horror (D:13)
  5 ice devils (IceCv)
  2 rime drakes (Shoals:1)
  A freezing wraith (IceCv)
  A tengu conjurer (D:14)
  A queen bee (Gauntlet)
  A queen bee (shapeshifter) (D:14)
  6 trolls
  2 wind drakes
  4 polar bears
  2 hornets
  7 blink frogs
  A spectral elephant (Lair:5)
  Sigmund (D:6)
  14 dream sheep
  7 shadows
  10 wyverns
  A dire elephant simulacrum (Lair:5)
  A vampire (D:9)
  2 wraiths
  7 basilisks
  35 yaks
  3 fire elementals (D:13)
  Grum (D:10)
  2 steam dragons
  10 vampire mosquitoes
  2 death yak simulacra (IceCv)
  35 nagas
  3 wargs (Orc:2)
  An acid dragon (D:8)
  17 water moccasins
  Duvessa (D:6)
  A hell hound (D:13)
  6 black bears
  2 ice beasts
  45 orc warriors
  17 wolves
  12 ogres
  2 centaurs
  2 phantoms
  A kobold brigand (D:6)
  Blork the orc (D:5)
  3 necrophages
  14 bullfrogs
  2 gnoll sergeants
  3 scorpions
  3 two-headed ogre simulacra (IceCv)
  2 cane toad simulacra (IceCv)
  10 wights
  Dowan (D:6)
  11 killer bees
  5 howler monkeys
  6 electric eels
  6 hounds
  22 orc priests
  An iguana (D:6)
  33 orc wizards
  4 hell rats (Lair:5)
  2 polar bear simulacra (IceCv)
  A troll simulacrum (IceCv)
  2 wolf simulacra (IceCv)
  9 gnolls
  3 naga simulacra (IceCv)
  2 adders
  4 shadow imps
  4 white imps
  4 ufetubi (IceCv)
  A worm (D:1)
  96 orcs
  6 bats
  2 endoplasms (D:1)
  2 giant cockroaches
  6 goblins
  7 hobgoblins
  4 jackals (D:3)
  16 kobolds
  4 quokkas
  4 ball pythons
  2 frilled lizards
  3 rats
835 creatures vanquished.

Vanquished Creatures (collateral kills)
  A death yak (Lair:5)
  5 wolves (Lair:5)
  An elephant simulacrum (Lair:5)
7 creatures vanquished.

Vanquished Creatures (others)
  An acid blob (Lair:5)
  An azure jelly (Lair:5)
  A centaur warrior (D:14)
  A sea snake (Snake:2)
  An elephant (Lair:5)
  A rime drake (Shoals:1)
  8 slime creatures
  A basilisk (Lair:2)
  3 yaks (Lair:5)
  An ice beast (D:14)
  An orc warrior (Orc:2)
  2 black bears (Lair:3)
  3 wolves (D:14)
  3 bullfrogs
  A necrophage (D:7)
  A killer bee (Gauntlet)
  A howler monkey (D:10)
  2 electric eels
  A crimson imp (D:4)
  89 jellies
  2 orc priests (Orc:2)
  3 orc wizards
  A hell rat (Lair:5)
  A boggart simulacrum (D:14)
  3 gnolls
  2 adders
  A white imp (D:3)
  An ufetubus (D:14)
  13 orcs
  A bat (D:2)
  A goblin (D:3)
  A hobgoblin (D:2)
  A ball python (D:2)
  3 frilled lizards
  A rat (D:2)
  A demonic plant (Gauntlet)
  12 fulminant prisms
  77 fungi
  162 plants
  42 withered plants
452 creatures vanquished.

Grand Total: 1294 creatures vanquished

Notes
Turn   | Place    | Note
-------+----------+-------------------------------------------
     0 | D:1      | themarg the Draconian Conjurer began the quest for the Orb.
     0 | D:1      | Reached XP level 1. HP: 14/14 MP: 3/3
   308 | D:1      | Reached XP level 2. HP: 20/20 MP: 0/5
   311 | D:1      | Learned a level 2 spell: Searing Ray
   852 | D:1      | Found a faded altar of an unknown god.
   863 | D:1      | Got Plato's Spellbook of Snow
   879 | D:1      | Prayed at the altar of an unknown god.
   879 | D:1      | Became a worshipper of Jiyva Jifemm the Shapeless
   879 | D:1      | Reached * piety under Jiyva
  1308 | D:2      | Reached ** piety under Jiyva
  1308 | D:2      | Found a bloodstained altar of Trog.
  1403 | D:2      | Found Lusagh's Magic Scroll Shoppe.
  1408 | D:2      | Bought a scroll of identify for 20 gold pieces
  1446 | D:2      | Reached XP level 3. HP: 26/26 MP: 2/6
  2008 | D:3      | Reached *** piety under Jiyva
  2016 | D:3      | Gained mutation: You have large cloven feet. [Jiyva's
                  | grace]
  2016 | D:3      | Gained mutation: You have hoof-like feet. [Jiyva's grace]
  2016 | D:3      | Gained mutation: You have hooves in place of feet. [Jiyva's
                  | grace]
  2016 | D:3      | Gained mutation: You have a pair of small antennae on your
                  | head. [Jiyva's grace]
  2031 | D:3      | Reached XP level 4. HP: 33/33 MP: 3/8
  2184 | D:3      | Reached skill level 5 in Conjurations
  2184 | D:3      | Reached XP level 5. HP: 38/38 MP: 5/10
  2347 | D:3      | Reached **** piety under Jiyva
  2557 | D:3      | Found a shadowy altar of Dithmenos.
  2968 | D:4      | Found a transporter.
  2968 | D:4      | Found a transporter.
  3037 | D:4      | Reached ***** piety under Jiyva
  3066 | D:4      | Reached XP level 6. HP: 45/45 MP: 5/12
  3242 | D:4      | Found a one-way gate to the infinite horrors of the Abyss.
  3242 | D:4      | Noticed greenreed's ghost (amateur DESu)
  3271 | D:5      | Entered Level 5 of the Dungeon
  3327 | D:5      | Found a white marble altar of Elyvilon.
  3355 | D:5      | Lost mutation: You have hooves in place of feet. [Jiyva's
                  | grace]
  3355 | D:5      | Gained mutation: You are somewhat resistant to further
                  | mutation. [Jiyva's grace]
  3355 | D:5      | Gained mutation: You are somewhat resistant to both further
                  | mutation and mutation removal. [Jiyva's grace]
  3355 | D:5      | Gained mutation: You are almost entirely resistant to
                  | further mutation and mutation removal. [Jiyva's grace]
  3355 | D:5      | Gained mutation: Your large and strong wings let you fly.
                  | [Jiyva's grace]
  3360 | D:5      | Identified the amulet "Otueni" {Acrobat rCorr}
  3499 | D:5      | Noticed Blork the orc
  3507 | D:5      | Killed Blork the orc
  3508 | D:5      | Reached skill level 5 in Spellcasting
  3508 | D:5      | Your scales start taking on an icy white colour.
  3508 | D:5      | Reached XP level 7. HP: 50/50 MP: 7/14
  3508 | D:5      | Gained mutation: Your flesh is cold resistant. (rC+) [White
                  | Draconian growth]
  3916 | D:5      | Found a staircase to the Ecumenical Temple.
  4162 | D:6      | Noticed Duvessa
  4240 | D:6      | Reached skill level 1 in Hexes
  4240 | D:6      | Reached skill level 1 in Translocations
  4274 | D:6      | Noticed Dowan
  4290 | D:6      | Killed Duvessa
  4296 | D:6      | Killed Dowan
  4297 | D:6      | Reached XP level 8. HP: 57/57 MP: 8/15
  4311 | D:6      | Reached ****** piety under Jiyva
  4455 | D:6      | Lost mutation: You have a pair of small antennae on your
                  | head. [Jiyva's grace]
  4455 | D:6      | Lost mutation: You are almost entirely resistant to further
                  | mutation and mutation removal. [Jiyva's grace]
  4455 | D:6      | Gained mutation: Your rubbery body absorbs attacks. (AC +1,
                  | EV +1) [Jiyva's grace]
  4455 | D:6      | Gained mutation: Your pliable body absorbs attacks. (AC +2,
                  | EV +2) [Jiyva's grace]
  4455 | D:6      | Gained mutation: Your gelatinous body deflects attacks. (AC
                  | +3, EV +3) [Jiyva's grace]
  4455 | D:6      | Gained mutation: You are robust. (+10% HP) [Jiyva's grace]
  4518 | D:6      | Noticed Sigmund
  4567 | D:6      | Killed Sigmund
  4657 | D:6      | Learned a level 4 spell: Fulminant Prism
  4662 | D:6      | Learned a level 4 spell: Iskenderun's Mystic Blast
  4825 | D:7      | Reached skill level 10 in Conjurations
  4825 | D:7      | Reached XP level 9. HP: 69/69 MP: 4/16
  4829 | D:7      | Reached skill level 1 in Fighting
  4852 | D:7      | Found Xagyl's Overcharged Wands.
  4882 | D:7      | You are sucked into a shaft and drop 1 floor!
  5031 | D:7      | Identified the +7 quarterstaff of Behy {elec, Drain rC-
                  | rN+++ Str+5}
  5161 | D:7      | Found Deash's Distillery.
  5170 | D:7      | Bought a potion of haste for 110 gold pieces
  5170 | D:7      | Bought a potion of curing for 33 gold pieces
  5607 | D:8      | Reached skill level 5 in Fighting
  5613 | D:8      | Reached skill level 5 in Dodging
  6086 | D:8      | Learned a level 3 spell: Mephitic Cloud
  6090 | D:9      | Lost mutation: Your large and strong wings let you fly.
                  | [Jiyva's grace]
  6090 | D:9      | Lost mutation: You have hoof-like feet. [Jiyva's grace]
  6090 | D:9      | Lost mutation: You are robust. (+10% HP) [Jiyva's grace]
  6090 | D:9      | Gained mutation: You passively map a small area around you.
                  | [Jiyva's grace]
  6090 | D:9      | Gained mutation: You passively map the area around you.
                  | [Jiyva's grace]
  6090 | D:9      | Gained mutation: You passively map a large area around you.
                  | [Jiyva's grace]
  6090 | D:9      | Gained mutation: You have a small jelly attached to you
                  | that senses nearby items. [Jiyva's grace]
  6106 | D:9      | Reached XP level 10. HP: 84/84 MP: 11/17
  6129 | D:9      | Reached skill level 1 in Air Magic
  6129 | D:9      | Reached skill level 1 in Poison Magic
  6171 | D:9      | Found a staircase to the Lair.
  6223 | D:9      | Noticed a two-headed ogre
  6250 | D:9      | Killed a two-headed ogre
  6397 | D:9      | Noticed a deep elf pyromancer
  6404 | D:9      | Killed a deep elf pyromancer
  6645 | D:9      | Found a sacrificial altar of Ru.
  6677 | D:9      | Found a hide-covered altar of Uskayaw.
  6738 | D:9      | Found a staircase to the Orcish Mines.
  7017 | D:10     | Entered Level 10 of the Dungeon
  7120 | D:10     | Reached XP level 11. HP: 99/99 MP: 13/18
  7157 | D:10     | Reached skill level 10 in Fighting
  7193 | D:10     | Found an opulent altar of Gozag.
  7217 | D:10     | Noticed Psyche
  7231 | D:10     | Killed Psyche
  7321 | D:10     | Found a burning altar of Makhleb.
  7413 | D:10     | Noticed Grum
  7418 | D:10     | Killed Grum
  7603 | D:11     | Noticed a two-headed ogre
  7612 | D:11     | Killed a two-headed ogre
  7651 | D:11     | Found a portal to a secret trove of treasure.
  7663 | D:11     | Identified the amulet "Etugiser" {RegenMP Str+2}
  7672 | D:11     | Noticed a sixfirhy
  7746 | D:11     | Reached skill level 1 in Evocations
  7773 | D:11     | Lost mutation: You are somewhat resistant to both further
                  | mutation and mutation removal. [Jiyva's grace]
  7773 | D:11     | Lost mutation: You passively map a large area around you.
                  | [Jiyva's grace]
  7773 | D:11     | Lost mutation: Your gelatinous body deflects attacks. (AC
                  | +3, EV +3) [Jiyva's grace]
  7773 | D:11     | Gained mutation: Your flesh is very cold resistant. (rC++)
                  | [Jiyva's grace]
  7773 | D:11     | Gained mutation: Your flesh is almost immune to the effects
                  | of cold. (rC+++) [Jiyva's grace]
  7773 | D:11     | Gained mutation: You possess an exceptional clarity of
                  | mind. [Jiyva's grace]
  7773 | D:11     | Gained mutation: Armour fits poorly on your pseudopods.
                  | [Jiyva's grace]
  8098 | D:11     | Upgraded the game from 0.30-a0-374-g95c0257040 to
                  | 0.30-a0-377-g5cb311bc9f
  8105 | D:11     | Noticed a two-headed ogre
  8117 | D:11     | Killed a two-headed ogre
  8220 | Lair:1   | Entered Level 1 of the Lair of Beasts
  9211 | Lair:2   | Lost mutation: You possess an exceptional clarity of mind.
                  | [Jiyva's grace]
  9211 | Lair:2   | Lost mutation: You passively map the area around you.
                  | [Jiyva's grace]
  9211 | Lair:2   | Lost mutation: Your pliable body absorbs attacks. (AC +2,
                  | EV +2) [Jiyva's grace]
  9211 | Lair:2   | Gained mutation: You are agile. (Dex +4, Str/Int -1)
                  | [Jiyva's grace]
  9211 | Lair:2   | Gained mutation: You are very agile. (Dex +8, Str/Int -2)
                  | [Jiyva's grace]
  9211 | Lair:2   | Gained mutation: You have a small jelly attached to you
                  | that may absorb projectiles. [Jiyva's grace]
  9211 | Lair:2   | Gained mutation: Your melee attacks may engulf your foes in
                  | ooze. [Jiyva's grace]
  9278 | Lair:2   | Noticed Maggie
  9286 | Lair:2   | Reached XP level 12. HP: 94/106 MP: 10/22
  9297 | Lair:2   | Killed Maggie
  9343 | Lair:2   | Reached skill level 5 in Evocations
  9586 | Lair:2   | Found a staircase to the Shoals.
 10236 | Lair:3   | Reached skill level 10 in Evocations
 10241 | Lair:3   | Reached skill level 1 in Maces & Flails
 10293 | Lair:3   | Reached skill level 2 in Maces & Flails
 10369 | Lair:3   | Found a staircase to the Snake Pit.
 10525 | Lair:3   | Reached skill level 3 in Maces & Flails
 10583 | Lair:3   | Reached skill level 4 in Maces & Flails
 10596 | Lair:3   | Lost mutation: You passively map a small area around you.
                  | [Jiyva's grace]
 10596 | Lair:3   | Lost mutation: Armour fits poorly on your pseudopods.
                  | [Jiyva's grace]
 10596 | Lair:3   | Lost mutation: You have a small jelly attached to you that
                  | senses nearby items. [Jiyva's grace]
 10596 | Lair:3   | Gained mutation: You have a pair of small antennae on your
                  | head. [Jiyva's grace]
 10596 | Lair:3   | Gained mutation: You have a pair of antennae on your head.
                  | [Jiyva's grace]
 10596 | Lair:3   | Gained mutation: You have a pair of large antennae on your
                  | head. (SInv) [Jiyva's grace]
 10596 | Lair:3   | Gained mutation: You possess an exceptional clarity of
                  | mind. [Jiyva's grace]
 11127 | Lair:4   | Reached skill level 5 in Maces & Flails
 11147 | Lair:4   | Found a runed translucent gate.
 11147 | Lair:4   | Found a runed translucent gate.
 11147 | Lair:4   | Found a runed translucent gate.
 11147 | Lair:4   | Noticed bigduke15's ghost (journeyman MiFi)
 11183 | Lair:4   | Reached XP level 13. HP: 104/113 MP: 23/23
 11185 | Lair:4   | Reached skill level 6 in Maces & Flails
 11208 | Lair:4   | Identified the +7 long sword of the Present {freeze,
                  | Fragile rN++ Will+ Dex+5}
 11755 | Lair:5   | Entered Level 5 of the Lair of Beasts
 11762 | Lair:5   | a five-headed hydra changed into an acid blob
 11762 | Lair:5   | Noticed an acid blob
 11782 | Lair:5   | Reached skill level 7 in Maces & Flails
 11869 | Lair:5   | Killed an acid blob
 11885 | Lair:5   | Noticed a dire elephant
 11885 | Lair:5   | Noticed a dire elephant
 11886 | Lair:5   | Noticed a dire elephant
 11886 | Lair:5   | Noticed a dire elephant
 11887 | Lair:5   | Noticed a dire elephant
 11888 | Lair:5   | Slimified a dire elephant
 11888 | Lair:5   | a dire elephant changed into an azure jelly
 11888 | Lair:5   | Noticed an azure jelly
 11889 | Lair:5   | Noticed a dire elephant
 11894 | Lair:5   | Found a viscous altar of Jiyva.
 11896 | Lair:5   | Found a staircase to the Slime Pits.
 11897 | Lair:5   | Slimified a dire elephant
 11897 | Lair:5   | a dire elephant changed into an azure jelly
 11897 | Lair:5   | Noticed an azure jelly
 11903 | Lair:5   | Reached skill level 8 in Maces & Flails
 12045 | Lair:5   | Noticed Snorg
 12054 | Lair:5   | Reached skill level 9 in Maces & Flails
 12057 | Lair:5   | Killed Snorg
 12201 | Lair:5   | Killed an azure jelly
 12275 | Lair:5   | Noticed Rupert
 12285 | Lair:5   | Reached skill level 10 in Maces & Flails
 12285 | Lair:5   | Killed Rupert
 12515 | Lair:5   | Noticed Nessos
 12680 | Lair:4   | Killed a dire elephant
 12853 | Lair:5   | Killed Nessos
 12984 | Slime:1  | Entered Level 1 of the Pits of Slime
 12985 | Slime:1  | Noticed a quicksilver ooze
 12987 | Slime:1  | Noticed a rockslime
 12996 | Slime:2  | Noticed a quicksilver ooze
 12996 | Slime:2  | Noticed an acid blob
 13001 | Slime:3  | Noticed an azure jelly
 13008 | Slime:4  | Noticed an azure jelly
 13010 | Slime:4  | Noticed an azure jelly
 13011 | Slime:4  | Noticed a quicksilver ooze
 13012 | Slime:5  | Entered Level 5 of the Pits of Slime
 13022 | Slime:5  | Noticed an acid blob
 13026 | Slime:5  | Found a viscous altar of Jiyva.
 13027 | Slime:5  | Noticed an azure jelly
 13027 | Slime:5  | Noticed an acid blob
 13027 | Slime:5  | Noticed the Royal Jelly
 13028 | Slime:5  | Noticed an azure jelly
 13030 | Slime:5  | Noticed an acid blob
 13030 | Slime:5  | Identified the +8 long sword of Wetu Lasch {venom, Int+3
                  | Stlth+}
 13030 | Slime:5  | Noticed an acid blob
 13030 | Slime:5  | Noticed a quicksilver ooze
 13033 | Slime:5  | Identified the +4 morningstar "Tifaaxucs" {flame, rF+}
 13035 | Slime:5  | Noticed an acid blob
 13042 | Slime:5  | Noticed a rockslime
 13044 | Slime:5  | Noticed an acid blob
 13052 | Slime:5  | Got a slimy rune of Zot
 13053 | Slime:5  | Identified the ring "Symyahip" {rElec EV+4 Int+3}
 13099 | Slime:2  | Noticed a quicksilver ooze
 13099 | Slime:2  | Noticed a rockslime
 13669 | D:11     | You showed the slimy rune of Zot to enter a treasure trove
 13670 | Trove    | Entered a treasure trove
 13672 | Trove    | Found the +18 shield of the Gong {rElec rN+ Will+ EV-5}
 13673 | Trove    | Found the +3 pair of seven-league boots {Rampage+∞}
 13676 | Trove    | Identified the +1 pair of boots of Sityfi {*Corrode Str+4
                  | Int+2 Dex+2}
 13678 | Trove    | Identified the +1 pair of gloves "Ruegeem" {rN++ Int+4
                  | Dex-3}
 13679 | Trove    | Identified the +1 cloak "Xinitism" {Rampage rC+}
 13685 | Trove    | Identified the +0 buckler "Budyor" {Harm Rampage rCorr
                  | Str-3}
 13749 | Trove    | Identified the +0 pair of boots of the Vaults {rCorr Str+9
                  | Slay-4 SInv}
 13786 | D:12     | Lost mutation: You are very agile. (Dex +8, Str/Int -2)
                  | [Jiyva's grace]
 13786 | D:12     | Lost mutation: You are somewhat resistant to further
                  | mutation. [Jiyva's grace]
 13786 | D:12     | Lost mutation: Your rubbery body absorbs attacks. (AC +1,
                  | EV +1) [Jiyva's grace]
 13786 | D:12     | Lost mutation: You have a small jelly attached to you that
                  | may absorb projectiles. [Jiyva's grace]
 13786 | D:12     | Lost mutation: Your melee attacks may engulf your foes in
                  | ooze. [Jiyva's grace]
 13786 | D:12     | Gained mutation: You have acidic saliva. [Jiyva's grace]
 13786 | D:12     | Gained mutation: You are resistant to electric shocks.
                  | (rElec) [Jiyva's grace]
 13786 | D:12     | Gained mutation: You have a small jelly attached to you
                  | that may absorb projectiles. [Jiyva's grace]
 13786 | D:12     | Gained mutation: Your mind is acute. (Int +4, Str/Dex -1)
                  | [Jiyva's grace]
 13836 | D:12     | Reached skill level 11 in Maces & Flails
 14366 | Orc:1    | Entered Level 1 of the Orcish Mines
 14370 | Orc:1    | Found Fomumeot's CLEARANCE SALE!.
 14398 | Orc:1    | Reached XP level 14. HP: 120/124 MP: 19/24
 14593 | Orc:2    | Entered Level 2 of the Orcish Mines
 14609 | Orc:2    | Found a staircase to the Elven Halls.
 14740 | Orc:2    | Found Pomybb's General Store.
 15045 | Orc:2    | Found Xuibrom's Jewellery Boutique.
 15076 | Orc:2    | Noticed an orc warlord
 15103 | Orc:2    | Killed an orc warlord
 15146 | Orc:2    | Lost mutation: You have a pair of large antennae on your
                  | head. (SInv) [Jiyva's grace]
 15146 | Orc:2    | Lost mutation: Your mind is acute. (Int +4, Str/Dex -1)
                  | [Jiyva's grace]
 15146 | Orc:2    | Lost mutation: Your flesh is almost immune to the effects
                  | of cold. (rC+++) [Jiyva's grace]
 15146 | Orc:2    | Gained mutation: Your rubbery body absorbs attacks. (AC +1,
                  | EV +1) [Jiyva's grace]
 15146 | Orc:2    | Gained mutation: Your pliable body absorbs attacks. (AC +2,
                  | EV +2) [Jiyva's grace]
 15146 | Orc:2    | Gained mutation: Your gelatinous body deflects attacks. (AC
                  | +3, EV +3) [Jiyva's grace]
 15146 | Orc:2    | Gained mutation: Your tail ends in a venomous barb.
                  | [Jiyva's grace]
 15345 | Orc:2    | Noticed an orc warlord
 15452 | Orc:2    | Killed an orc warlord
 15453 | Orc:2    | Reached skill level 12 in Maces & Flails
 15485 | Orc:2    | Found Qiegu's Antique Weapon Emporium.
 15488 | Orc:2    | Found Plog's Antique Armour Shoppe.
 15821 | Orc:1    | Noticed Nergalle
 15851 | Orc:1    | Killed Nergalle
 16292 | D:13     | Found a frozen archway.
 16301 | IceCv    | Entered an ice cave
 16552 | IceCv    | Noticed a reaper
 16571 | IceCv    | Killed a reaper
 16725 | D:13     | Found a gate leading to a gauntlet.
 16731 | D:13     | Identified a scroll of acquirement
 16739 | Gauntlet | Entered a Gauntlet
 16739 | Gauntlet | Found a transporter.
 16739 | Gauntlet | Found a transporter.
 16739 | Gauntlet | Found a transporter.
 16740 | Gauntlet | Acquired 1158 gold pieces
 16766 | Gauntlet | Found a transporter.
 16778 | Gauntlet | Found a transporter.
 16780 | Gauntlet | Found a transporter.
 16792 | Gauntlet | Found a transporter.
 16808 | Gauntlet | Found a transporter.
 16823 | Gauntlet | Found a transporter.
 16826 | Gauntlet | Found a transporter.
 16834 | Gauntlet | Found a transporter.
 16837 | Gauntlet | Found a transporter.
 17014 | Gauntlet | Identified the +5 whip "Pyudoih" {protect, rCorr Dex+3}
 17014 | Gauntlet | Identified the +0 plate armour of an ossuary {Fly rElec rC-
                  | rCorr}
 17033 | Gauntlet | Reached skill level 13 in Maces & Flails
 17322 | D:13     | Lost mutation: You have a pair of antennae on your head.
                  | [Jiyva's grace]
 17322 | D:13     | Lost mutation: You are agile. (Dex +4, Str/Int -1) [Jiyva's
                  | grace]
 17322 | D:13     | Lost mutation: Your flesh is very cold resistant. (rC++)
                  | [Jiyva's grace]
 17322 | D:13     | Lost mutation: You are resistant to electric shocks.
                  | (rElec) [Jiyva's grace]
 17322 | D:13     | Lost mutation: Your gelatinous body deflects attacks. (AC
                  | +3, EV +3) [Jiyva's grace]
 17322 | D:13     | Gained mutation: You passively dampen the noise of your
                  | surroundings. [Jiyva's grace]
 17322 | D:13     | Gained mutation: You have hoof-like feet. [Jiyva's grace]
 17322 | D:13     | Gained mutation: You have hooves in place of feet. [Jiyva's
                  | grace]
 17322 | D:13     | Gained mutation: You expend magic power (3 MP) to
                  | strengthen your wands. [Jiyva's grace]
 17343 | D:13     | Noticed Azrael
 17354 | D:13     | Killed Azrael
 18159 | D:14     | Reached XP level 15. HP: 66/134 MP: 25/28
 18199 | D:14     | Found a gate to the Vaults.
 18307 | D:14     | Got Sif Muna's Teachings on Calefaction and Blasphemous
                  | Rituals
 18633 | D:15     | Entered Level 15 of the Dungeon
 18647 | D:15     | Found a staircase to the Depths.
 18676 | D:15     | Reached skill level 14 in Maces & Flails
 18939 | D:15     | Reached skill level 1 in Fire Magic
 18975 | D:15     | Found a shimmering blue altar of Sif Muna.
 19403 | Orc:2    | Bought a scroll of butterflies for 52 gold pieces
 19403 | Orc:2    | Bought a potion of heal wounds for 65 gold pieces
 19508 | D:7      | Bought 2 potions of cancellation for 176 gold pieces
 19508 | D:7      | Bought a potion of haste for 110 gold pieces
 19508 | D:7      | Bought a potion of mutation for 88 gold pieces
 19508 | D:7      | Bought a potion of curing for 33 gold pieces
 19508 | D:7      | Bought a potion of curing for 33 gold pieces
 19508 | D:7      | Bought a potion of curing for 33 gold pieces
 19509 | D:7      | Bought a potion of lignification for 33 gold pieces
 19628 | Orc:2    | Bought the ring of Divine Compulsion {rPois rF+} for 476
                  | gold pieces
 19669 | Orc:2    | Bought a phantom mirror for 520 gold pieces
 19820 | Snake:1  | Entered Level 1 of the Snake Pit
 19950 | Snake:1  | Reached skill level 10 in Spellcasting
 20112 | Snake:1  | Lost mutation: You have hooves in place of feet. [Jiyva's
                  | grace]
 20112 | Snake:1  | Lost mutation: Your tail ends in a venomous barb. [Jiyva's
                  | grace]
 20112 | Snake:1  | Lost mutation: Your pliable body absorbs attacks. (AC +2,
                  | EV +2) [Jiyva's grace]
 20112 | Snake:1  | Lost mutation: Your rubbery body absorbs attacks. (AC +1,
                  | EV +1) [Jiyva's grace]
 20112 | Snake:1  | Gained mutation: Your translucent skin slightly reduces
                  | your foes' accuracy. (Stealth+) [Jiyva's grace]
 20112 | Snake:1  | Gained mutation: Your translucent skin reduces your foes'
                  | accuracy. (Stealth+) [Jiyva's grace]
 20112 | Snake:1  | Gained mutation: Your transparent skin significantly
                  | reduces your foes' accuracy. (Stealth+) [Jiyva's grace]
 20112 | Snake:1  | Gained mutation: Your melee attacks may engulf your foes in
                  | ooze. [Jiyva's grace]
 20288 | Snake:1  | Found Eggawup's Distillery.
 20296 | Snake:1  | Found Jir Dai's Weapon Emporium.
 20948 | Snake:1  | Found a runed translucent door.
 21342 | Snake:2  | You fall into a shaft and drop 1 floor!
 21439 | Snake:3  | Found Ifuaciti's Book Emporium.
 21762 | Snake:2  | Reached skill level 15 in Maces & Flails
 21796 | Snake:2  | Reached XP level 16. HP: 144/145 MP: 30/30
 21917 | Snake:2  | Lost mutation: You have hoof-like feet. [Jiyva's grace]
 21917 | Snake:2  | Lost mutation: Your melee attacks may engulf your foes in
                  | ooze. [Jiyva's grace]
 21917 | Snake:2  | Gained mutation: You have an increased reservoir of magic.
                  | (+10% MP) [Jiyva's grace]
 21917 | Snake:2  | Gained mutation: You have a considerably increased
                  | reservoir of magic. (+20% MP) [Jiyva's grace]
 21917 | Snake:2  | Gained mutation: You have a greatly increased reservoir of
                  | magic. (+30% MP) [Jiyva's grace]
 21917 | Snake:2  | Gained mutation: You have a small jelly attached to you
                  | that senses nearby items. [Jiyva's grace]
 22130 | Snake:2  | Found a runed translucent door.
 22130 | Snake:2  | Found a shimmering altar of Xom.
 22130 | Snake:2  | Noticed Ixtim's ghost (journeyman MiFi)
 22169 | Snake:2  | Killed Ixtim's ghost
 22668 | Snake:3  | Reached skill level 5 in Fire Magic
 22709 | Snake:3  | Found Uhiwuu's Book Shop.
 22710 | Snake:3  | Found Josot's Jewellery Shoppe.
 22711 | Snake:3  | Found Qarykk's Book Shop.
 23034 | Snake:3  | Found Uclot's Weapon Shoppe.
 23036 | Snake:3  | Noticed Saint Roka
 23039 | Snake:3  | Noticed Agnes
 23056 | Snake:3  | Killed Agnes
 23060 | Snake:3  | Slimified Saint Roka
 23060 | Snake:3  | Saint Roka changed into Saint Roka the acid blob
 23060 | Snake:3  | Noticed Saint Roka
 23125 | Snake:3  | Found Saoguif's Weapon Boutique.
 23647 | Snake:3  | Bought a book of Transfigurations for 720 gold pieces
 23653 | Snake:3  | Learned a level 5 spell: Irradiate
 23670 | Snake:4  | Entered Level 4 of the Snake Pit
 24073 | Snake:4  | Reached skill level 1 in Transmutations
 24650 | Snake:4  | Reached skill level 15 in Fighting
 25134 | Snake:4  | Reached skill level 16 in Maces & Flails
 25393 | Snake:4  | Got a serpentine rune of Zot
 25613 | Shoals:1 | Entered Level 1 of the Shoals
 25614 | Shoals:1 | Noticed Jorgrun
 25642 | Shoals:1 | Constricted to death by Jorgrun

Illustrated notes

Levels and vault maps discovered:
D:1:      wander_arrival_desolate, layout_basic,
          shapermc_ecumenical_altar_rom_forum, nicolae_wormholes
D:2:      minmay_recursive_quarters, layout_loops_ring, basic_altar,
          serial_shops, shop, nicolae_grassy_gnolls
D:3:      wander_river, layout_basic, nicolae_overflow_hidden_temple
D:4:      layout_loops_ring, gammafunk_ghost_abyssal_escape
D:5:      layout_gridville, nicolae_elyvilon_peaceful_grove,
          minmay_temple_entry_antechambers, uniq_blork_the_orc
D:6:      layout_cave_pools, minivault_14, uniq_sigmund, uniq_duvessa
D:7:      layout_gridville, serial_shops, kennysheep_mini, minivault_10,
          nicolae_shop_overcharged_wands
D:8:      layout_cave_pools
D:9:      layout_basic, overflow_temple_1_default,
          lemuel_coloured_pillars_altar, minmay_lair_entry_grove, orc_0_dummy
D:10:     layout_basic, grunt_gozag_statues, amcnicky_altar_gilded, uniq_psyche,
          uniq_grum
D:11:     layout_cave_pools, nicolae_trove_entry_isolated
D:12:     layout_cave_pools
D:13:     layout_layer_cave, gauntlet_entry_generic,
          portal_ice_cave_entry_pillars_1, uniq_azrael
D:14:     layout_roguey, erik_vaults_1, serial_ice, serial_ice_h, serial_ice_a,
          serial_ice_c, serial_ice_o, serial_ice_b, serial_ice_j, serial_ice_e,
          serial_ice_n
D:15:     gammafunk_depths_entry_grave, layout_cave_pools, lemuel_blue_sif_altar
Lair:1:   layout_loops_ring, grunt_megastairs_5
Lair:2:   layout_gridlike, minmay_shoals_entry_beasts, uniq_maggie
Lair:3:   layout_regular_city, dummy_snake_entry, beast_lair_carwin_5,
          grunt_megastairs_4
Lair:4:   layout_misc_corridors, ebering_ghost_rock_garden
Lair:5:   due_jungle_book, layout_regular_city, slime_entry_1,
          lemuel_fruit_fields, uniq_snorg, uniq_nessos, uniq_rupert
Shoals:1: layout_shoals, nicolae_shoals_drake_roost, uniq_jorgrun, uniq_donald
Snake:1:  layout_layer_cave, st_stairs_4, lightli_airlock, minmay_shoptagon
Snake:2:  layout_layer_cave, ebering_ghost_xom, serial_bayou_lake_a
Snake:3:  layout_misc_corridors, serial_shops, nicolae_shop_crystal,
          nicolae_shop_bloodbath_and_beyond, shop,
          nicolae_snake_salamander_jacuzzi, minmay_shop_grove,
          serial_bayou_shore_b, uniq_agnes, uniq_saint_roka
Snake:4:  snake_pit, layout_basic, nicolae_snake_gridmaze_squiggle
Slime:1:  layout_caves
Slime:2:  layout_caves
Slime:3:  layout_caves
Slime:4:  layout_caves
Slime:5
Orc:1:    layout_caves, nicolae_shop_clearance, uniq_nergalle
Orc:2:    grunt_orc_community_town_hall, layout_caves,
          grunt_orc_community_big_house_1, grunt_orc_community_big_house_2,
          grunt_orc_community_house_3, grunt_orc_community_house_2,
          grunt_orc_community_house_1, grunt_orc_community_house_3,
          grunt_orc_community_house_1, grunt_orc_community_house_2

Skill      XL: |  1  2  3  4  5  6  7  8  9 10 11 12 13 14 15 16 |
---------------+-------------------------------------------------+-----
Stealth        | 2 3 |  3.0
Spellcasting   | 3 4 5 7 9 10 | 10.0
Conjurations   | 5 6 7 10 11 12 13 | 13.0
Hexes          | 1 3 |  3.0
Translocations | 2 3 |  3.1
Fighting       | 6 9 10 11 12 13 15 | 15.0
Dodging        | 5 |  5.0
Air Magic      | 3 |  3.0
Poison Magic   | 3 |  3.0
Evocations     | 4 10 11 12 | 12.7
Maces & Flails | 5 11 13 15 16 | 16.0
Fire Magic     | 4 5 |  5.6
Transmutations | 4 |  4.3

Action                   |  1- 3 |  4- 6 |  7- 9 | 10-12 | 13-15 | 16-18 || total
-------------------------+-------+-------+-------+-------+-------+-------++-------
Melee: Unarmed           |     6 |       |       |       |       |       ||     6
       Dagger            |       |       |    21 |     9 |       |       ||    30
       Kick              |       |       |     7 |    64 |   186 |       ||   257
       Tailslap          |       |       |     3 |    34 |   233 |    87 ||   357
       Punch             |       |       |       |     5 |     1 |       ||     6
       Morningstar       |       |       |       |   176 |  1198 |   493 ||  1867
       Pseudopods        |       |       |       |    22 |       |       ||    22
       Bite              |       |       |       |       |   112 |    60 ||   172
 Cast: Magic Dart        |    41 |    27 |    54 |    12 |       |     1 ||   135
       Searing Ray       |    13 |    19 |    58 |    97 |     5 |     3 ||   195
       Fulminant Prism   |       |       |     4 |     7 |       |     1 ||    12
       Iskenderun's Myst |       |       |     9 |    67 |   117 |    43 ||   236
       Mephitic Cloud    |       |       |       |     4 |    32 |     2 ||    38
Invok: Oozemancy         |       |       |     1 |     9 |    13 |     5 ||    28
       Slimify           |       |       |       |       |     4 |     2 ||     6
 Abil: Breathe Frost     |       |       |       |     7 |     6 |     2 ||    15
Evoke: Wand              |       |       |       |       |    13 |     7 ||    20
  Use: Scroll            |     2 |       |     2 |     2 |    20 |     3 ||    29
       Potion            |       |       |       |       |     2 |     5 ||     7
 Stab: Confused          |       |       |       |     1 |    15 |       ||    16
       Paralysed         |       |       |       |       |     2 |       ||     2
       Sleeping          |       |       |       |       |    12 |     6 ||    18
       Distracted        |       |       |       |       |     3 |       ||     3
Armor: Skin              |     7 |     3 |    41 |   141 |   335 |    85 ||   612
Dodge: Dodged            |    11 |    11 |   142 |   503 |   983 |   309 ||  1959
Block: Buckler           |       |       |       |       |   233 |   122 ||   355

Table legend: (Time is in decaauts)
 A = Elapsed time spent in this place.
 B = Non-inter-level travel time spent in this place.
 C = Inter-level travel time spent in this place.
 D = Time resting spent in this place.
 E = Time spent auto-exploring this place.
 F = Levels seen in this place.
 G = Mean time per level.
                   A        B        C        D        E       F      G
               +--------+--------+--------+--------+--------+-----+--------+
         Total |  25607 |  23712 |   1895 |    960 |  15184 |  35 |  731.6 |
       Dungeon |  11491 |  10518 |    973 |    146 |   7676 |  15 |  766.1 |
          Lair |   5308 |   4978 |    330 |    342 |   3037 |   5 | 1061.6 |
        Shoals |     25 |     25 |      0 |      0 |      0 |   1 |   25.0 |
     Snake Pit |   5648 |   5420 |    228 |    443 |   3135 |   4 | 1412.0 |
    Slime Pits |    261 |    229 |     32 |      0 |    107 |   5 |   52.2 |
  Orcish Mines |   1996 |   1666 |    330 |      0 |    862 |   2 |  998.0 |
         Trove |     85 |     85 |      0 |      0 |      0 |   1 |   85.0 |
      Ice Cave |    380 |    380 |      0 |      0 |    157 |   1 |  380.0 |
      Gauntlet |    408 |    408 |      0 |     29 |    209 |   1 |  408.0 |
               +--------+--------+--------+--------+--------+-----+--------+

Top non-repeatable levels by time:
 Snake:4: 1570 daAuts
 Snake:1: 1496 daAuts
   Orc:2: 1451 daAuts
 Snake:3: 1312 daAuts
     D:1: 1307 daAuts
  Lair:5: 1272 daAuts
 Snake:2: 1269 daAuts
     D:9: 1181 daAuts
  Lair:3: 1145 daAuts
  Lair:2: 1085 daAuts
  Lair:1: 940 daAuts
     D:5: 873 daAuts
  Lair:4: 864 daAuts
     D:3: 864 daAuts
     D:7: 843 daAuts
